 Dungeon Crawl Stone Soup version 0.28-a0-206-gc2c9e32840 (webtiles) character file.

Game seed: 13868634467664330523

12449 rabbitsville the Severer (level 11, -21/121 HPs)
             Began as a Minotaur Berserker on Aug 20, 2021.
             Was a High Priest of Trog.
             Demolished by a very large slime creature (44 damage)
             ... on level 12 of the Dungeon.
             The game lasted 00:43:37 (12179 turns).

rabbitsville the Severer (Minotaur Berserker)      Turns: 12179, Time: 00:43:38

Health: -21/121    AC: 29    Str: 24    XL:     11   Next: 62%
Magic:  10/10      EV:  4    Int:  7    God:    Trog [*****.]
Gold:   605        SH:  7    Dex: 11    Spells: 10/10 levels left

rFire   + . .      SeeInvis +   M - +0 war axe (flame)
rCold   . . .      Faith    .   x - +3 buckler of Okawaru's Condemnation {rF+}
rNeg    . . .      Spirit   .   B - +8 orange crystal plate armour {Archmagi, Int+3 Clar}
rPois   .          Reflect  .   J - +1 hat
rElec   .          Harm     .   (no cloak)
rCorr   .          Rampage  .   (no gloves)
Will    .....      Archmagi +   C - +0 pair of boots Stlth ..........Clarity +
                                F - amulet of Vitality {Regen+ HP+15}
HPRegen 1.30/turn               y - ring of see invisible
MPRegen 0.12/turn               p - +4 ring of protection

@: on berserk cooldown, slowed, very slow
A: horns 2, retaliatory headbutt
a: Renounce Religion, Berserk, Trog's Hand, Brothers in Arms


You were on level 12 of the Dungeon.
You worshipped Trog.
Trog was extremely pleased with you.
You visited 2 branches of the dungeon, and saw 13 of its levels.

You collected 605 gold pieces.

Inventory:

Hand Weapons
 M - a +0 war axe of flaming (weapon)
Missiles
 r - 59 poisoned darts (quivered)
 w - a throwing net
 A - 2 atropa-tipped darts
Armour
 b - a +0 animal skin
 h - a +0 ring mail
 v - a +0 chain mail
 x - the +3 buckler of Okawaru's Condemnation (worn) {rF+}
   (You found it on level 5 of the Dungeon)

   rF:        It protects you from fire.
 B - the +8 orange crystal plate armour (worn) {Archmagi, Int+3 Clar}
   (You found it on level 10 of the Dungeon)

   Int:       It affects your intelligence (+3).
   Clar:      It protects you against confusion.
 C - a +0 pair of boots (worn)
 J - a +1 hat (worn)
Jewellery
 d - an amulet of reflection
 o - a +6 ring of dexterity
 p - a +4 ring of protection (right hand)
 s - an amulet of magic regeneration
 y - a ring of see invisible (left hand)
 F - the amulet of Vitality (around neck) {Regen+ HP+15}
   (You found it on level 8 of the Dungeon)

   [amulet of regeneration]

   HP:        It affects your health (+15).
   Regen:     It increases your rate of health regeneration.
Scrolls
 a - a scroll of enchant armour {unknown}
 c - 5 scrolls of identify
 f - 3 scrolls of magic mapping
 g - 6 scrolls of teleportation
 i - a scroll of acquirement {unknown}
 n - 3 scrolls of immolation
 z - a scroll of enchant weapon {unknown}
 D - a scroll of blinking {unknown}
 E - a scroll of summoning {unknown}
 I - a scroll of holy word {unknown}
Potions
 e - 2 potions of resistance
 j - a potion of invisibility
 k - a potion of brilliance {unknown}
 l - 3 potions of lignification
 m - 2 potions of degeneration {unknown}
 q - 2 potions of haste
 t - 2 potions of heal wounds
 u - 4 potions of curing
 G - a potion of flight {unknown}
 H - a potion of cancellation {unknown}
 K - a potion of ambrosia {unknown}
 L - 2 potions of might


   Skills:
 + Level 12.8 Fighting
 * Level 17.0 Axes
 - Level 2.4 Armour
 - Level 2.1 Dodging
 - Level 4.0 Shields


You had 10 spell levels left.
You didn't know any spells.
Your spell library was empty.

Dungeon Overview and Level Annotations

Branches:
Dungeon (12/15)            Temple (1/1) D:5            Lair (0/6) D:8
    Orc (0/2) D:12

Altars:
Ashenzari
Cheibriados
Dithmenos
Elyvilon
Fedhas
Gozag
Hepliaklqana
Kikubaaqudgha
Makhleb
Nemelex Xobeh
Okawaru
Qazlal
Ru
Sif Muna
Trog
Uskayaw
Vehumet
Wu Jian
Xom
Yredelemnul
Zin
The Shining One
Beogh

Shops:
D:1 !

Annotations:
D:8 exclusion: orange crystal statue
D:10 3 runed translucent doors, boltboy's ghost, novice MiFi
D:12 3 runed translucent doors, HilariousDeathArtist's ghost, journeyman PaBe


Innate Abilities, Weirdness & Mutations

You have a pair of horns on your head.
You reflexively headbutt those who attack you in melee.


Message History

You hit the very large slime creature. You burn the very large slime creature.
Your headbutt misses the very large slime creature.
The very large slime creature is moderately wounded.
You hit the very large slime creature. You burn the very large slime creature.
The very large slime creature hits you!!!
You slash the very large slime creature!
You burn the very large slime creature.
You headbutt the very large slime creature!
The very large slime creature is heavily wounded.
You hit the very large slime creature. You burn the very large slime creature.
The very large slime creature hits you!!!
You slice the very large slime creature!!
You burn the very large slime creature!
You headbutt the very large slime creature!
The very large slime creature is severely wounded.
You slash the very large slime creature!
You burn the very large slime creature.
The very large slime creature hits you!!!
* * * LOW HITPOINT WARNING * * *
You hit the very large slime creature. You burn the very large slime creature.
The very large slime creature is almost dead.
You barely miss the very large slime creature.
The very large slime creature hits you but does no damage.
You barely miss the very large slime creature.
The very large slime creature is almost dead.
You slash the very large slime creature!
You burn the very large slime creature.
The very large slime creature hits you!!
* * * LOW HITPOINT WARNING * * *
Two slime creatures merge to form a titanic slime creature.
Things that are here:
a +0 whip; a wand of iceblast (12); 29 gold pieces You feel a strong urge to attack something.
You are no longer berserk.
You are exhausted.
You feel yourself slow down.
Things that are here:
a +0 dagger; an orc corpse The very large slime creature hits you!!!
You die...

#.# #.#
#.# ###
#.# #..
#.# #.#
#.# #.#
#.# #.#
#.# #@#
#.# #J#
#.#
####x###.#
#.))#....#
#x##.#####
#.J#)).#
Jxo###.#
..... .#
......# #


You could see a very large slime creature and an unseen horror (invisible).

Vanquished Creatures
  Fannar (D:10)
  2 two-headed ogres
  A deep elf pyromancer (D:11)
  A cyclops (D:11)
  A black mamba (shapeshifter) (D:11)
  Joseph (D:9)
  A troll (D:10)
  A hornet (D:8)
  2 vampires (D:10)
  2 wraiths
  13 yaks
  A wyvern (D:9)
  A steam dragon (D:7)
  4 vampire mosquitoes (D:12)
  8 water moccasins
  4 orc warriors
  3 black bears (D:8)
  The ghost of BonemanJones the Skirmisher, an amateur MiBe of Trog (D:3)
  6 centaurs
  An ogre (D:5)
  2 phantoms
  A kobold brigand (D:8)
  2 bullfrogs (D:6)
  6 scorpions
  A gnoll sergeant (D:10)
  8 wights
  2 howler monkeys
  A bullfrog zombie (D:5)
  4 centaur zombies
  3 bullfrog skeletons
  4 hounds
  4 orc priests
  A gnoll shaman (D:5)
  A jelly (D:5)
  2 centaur skeletons (D:7)
  3 iguanas
  Natasha (thrice) (D:2)
  7 orc wizards
  3 killer bee zombies
  3 howler monkey zombies
  8 gnolls
  7 adders
  A white imp (D:7)
  An ufetubus (D:6)
  2 adder skeletons (D:4)
  4 dart slugs
  41 orcs
  A bat (D:3)
  11 endoplasms
  A giant cockroach (D:4)
  4 goblins
  2 hobgoblins
  5 jackals
  9 quokkas
  8 ball pythons
  2 frilled lizards (D:2)
  14 kobolds
  7 rats
244 creatures vanquished.

Vanquished Creatures (others)
  5 dream sheep (D:9)
  17 fungi (D:8)
  20 plants
  4 toadstools (D:1)
46 creatures vanquished.

Grand Total: 290 creatures vanquished

Notes
Turn   | Place    | Note
-------+----------+-------------------------------------------
     0 | D:1      | rabbitsville the Minotaur Berserker began the quest for the
                  | Orb.
     0 | D:1      | Reached XP level 1. HP: 19/19 MP: 0/0
    37 | D:1      | Reached skill level 4 in Axes
   225 | D:1      | Reached XP level 2. HP: 26/27 MP: 1/1
   344 | D:1      | Found Wiathraf's Distillery.
   879 | D:2      | Noticed Natasha
   885 | D:2      | Killed Natasha
   886 | D:2      | Reached skill level 5 in Axes
   886 | D:2      | Reached XP level 3. HP: 31/34 MP: 2/2
   959 | D:2      | Noticed Natasha
   973 | D:2      | Killed Natasha
   974 | D:2      | Reached XP level 4. HP: 22/41 MP: 3/3
  1308 | D:2      | Noticed Natasha
  1316 | D:2      | Killed Natasha
  1316 | D:2      | Reached ** piety under Trog
  2013 | D:3      | Reached skill level 6 in Axes
  2068 | D:3      | Found a faded altar of an unknown god.
  2128 | D:3      | Reached XP level 5. HP: 42/47 MP: 4/4
  2366 | D:3      | Found a runed translucent door.
  2370 | D:3      | Noticed BonemanJones's ghost (amateur MiBe)
  2387 | D:3      | Killed BonemanJones's ghost
  2388 | D:3      | Reached skill level 5 in Fighting
  2644 | D:4      | Noticed a phantom
  2654 | D:4      | Killed a phantom
  2655 | D:4      | Reached skill level 7 in Axes
  2655 | D:4      | Reached XP level 6. HP: 56/56 MP: 5/5
  3037 | D:4      | Found a glowing golden altar of the Shining One.
  3243 | D:4      | Reached *** piety under Trog
  3781 | D:5      | Entered Level 5 of the Dungeon
  3823 | D:5      | Reached skill level 8 in Axes
  3824 | D:5      | Found a staircase to the Ecumenical Temple.
  3831 | D:5      | Reached XP level 7. HP: 35/63 MP: 6/6
  3848 | Temple   | Entered the Ecumenical Temple
  4206 | D:5      | Reached skill level 9 in Axes
  4498 | D:5      | Reached XP level 8. HP: 73/73 MP: 7/7
  4529 | D:5      | Identified the +3 buckler of Okawaru's Condemnation {rF+}
  4687 | D:5      | Reached skill level 1 in Shields
  5268 | D:6      | Reached skill level 10 in Axes
  5351 | D:6      | Reached **** piety under Trog
  5683 | D:6      | Reached skill level 11 in Axes
  5696 | D:6      | Found a blossoming altar of Fedhas.
  6501 | D:7      | Reached XP level 9. HP: 61/82 MP: 8/8
  7217 | D:7      | Reached skill level 12 in Axes
  8261 | D:8      | Found a staircase to the Lair.
  8269 | D:8      | Reached skill level 13 in Axes
  8282 | D:8      | Reached skill level 10 in Fighting
  8412 | D:8      | Found a stormy altar of Qazlal.
  8560 | D:8      | Reached ***** piety under Trog
  8772 | D:8      | Reached XP level 10. HP: 90/93 MP: 9/9
  8846 | D:8      | Noticed an orange crystal statue
  8883 | D:8      | Found the amulet of Vitality {Regen+ HP+15}
  9021 | D:8      | Identified the +0 helmet of the Sunfish {Str+2}
  9455 | D:9      | Found a burning altar of Makhleb.
  9507 | D:9      | Reached skill level 14 in Axes
  9520 | D:9      | Noticed Joseph
  9529 | D:9      | Killed Joseph
  9739 | D:9      | Received a gift from Trog
  9880 | D:9      | Found a shimmering altar of Xom.
  9992 | D:10     | Entered Level 10 of the Dungeon
 10028 | D:10     | Reached skill level 15 in Axes
 10189 | D:10     | Found a runed translucent gate.
 10189 | D:10     | Noticed boltboy's ghost (novice MiFi)
 10301 | D:10     | Found a shadowy altar of Dithmenos.
 10381 | D:10     | Reached XP level 11. HP: 104/104 MP: 10/10
 10454 | D:10     | Noticed a two-headed ogre
 10462 | D:10     | Killed a two-headed ogre
 10636 | D:10     | Noticed Fannar
 10645 | D:10     | Killed Fannar
 10646 | D:10     | Reached skill level 16 in Axes
 10656 | D:10     | Found a runed translucent gate.
 10747 | D:10     | Found the +8 orange crystal plate armour {Archmagi, Int+3
                  | Clar}
 10927 | D:10     | Found a runed translucent gate.
 11324 | D:11     | Noticed a deep elf pyromancer
 11342 | D:11     | Killed a deep elf pyromancer
 11734 | D:11     | Noticed a two-headed ogre
 11749 | D:11     | Killed a two-headed ogre
 12021 | D:12     | Reached skill level 17 in Axes
 12043 | D:12     | Found a runed translucent gate.
 12043 | D:12     | Found a runed translucent gate.
 12043 | D:12     | Noticed a nine-headed hydra
 12045 | D:12     | Noticed HilariousDeathArtist's ghost (journeyman PaBe)
 12046 | D:12     | Found a runed translucent gate.
 12166 | D:12     | Found a staircase to the Orcish Mines.
 12179 | D:12     | Demolished by a very large slime creature

Illustrated notes

Levels and vault maps discovered:
D:1:      ldierk_walled_garden_2, layout_basic, serial_shops, shop
D:2:      layout_loops_corners, minmay_hexomino_p4, uniq_natasha
D:3:      layout_rooms, ebering_ghost_reflecting_pool, basic_ecumenical_altar
D:4:      layout_basic, nicolae_tso_carved_into_rock
D:5:      layout_cave_pods, minmay_temple_entry_junction_2,
          roderic_serpentine_path, kennysheep_cross_room
D:6:      layout_basic, mainiacjoe_overflow_catwalk
D:7:      layout_gridville
D:8:      minmay_statue_hallways, layout_basic, nicolae_overflow_hidden_temple,
          due_lair_maze_entry_diamond,
          hellmonk_guarded_unrand_vitality_bloodlust
D:9:      layout_cave_pools, lightli_temple_of_fire, kb_xom_exploding_sheep,
          grunt_decor_arrowhead, uniq_joseph
D:10:     layout_stronghold, grunt_dithmenos_smoke, biasface_ghost_orc_armoury,
          uniq_fannar
D:11:     layout_rooms
D:12:     layout_loops_ring, orc_david_3, gammafunk_ghost_hydra_chop
Temple:   eino_temple_scatter_basement

Skill      XL: |  1  2  3  4  5  6  7  8  9 10 11 |
---------------+----------------------------------+-----
Axes           | 4 5 6 7 8 9 11 13 15 17 | 17.0
Fighting       | 4 5 6 7 8 10 11 12 | 12.8
Shields        | 4 |  4.0
Armour         | |  2.4
Dodging        | |  2.1

Action                   |  1- 3 |  4- 6 |  7- 9 | 10-12 || total
-------------------------+-------+-------+-------+-------++-------
Melee: Hand axe          |    71 |   148 |   356 |    44 ||   619
       Headbutt          |     7 |    33 |    96 |    54 ||   190
       War axe           |       |       |       |   150 ||   150
       Morningstar       |       |       |       |    39 ||    39
       Flail             |       |       |       |     9 ||     9
Invok: Berserk           |       |     2 |     1 |     6 ||     9
  Use: Scroll            |       |     4 |     4 |     2 ||    10
       Potion            |       |       |     1 |       ||     1
Armor: Animal skin       |     9 |     2 |       |       ||    11
       Ring mail         |       |    35 |     1 |       ||    36
       Chain mail        |       |       |   129 |    68 ||   197
       Crystal plate arm |       |       |       |    68 ||    68
Dodge: Dodged            |    45 |    64 |    83 |    47 ||   239
Block: Other             |    12 |    34 |    11 |       ||    57
       Reflection        |     1 |     1 |     2 |       ||     4
       Buckler           |       |       |   157 |    80 ||   237

Table legend: (Time is in decaauts)
 A = Elapsed time spent in this place.
 B = Non-inter-level travel time spent in this place.
 C = Inter-level travel time spent in this place.
 D = Time resting spent in this place.
 E = Time spent auto-exploring this place.
 F = Levels seen in this place.
 G = Mean time per level.
                   A        B        C        D        E       F      G
               +--------+--------+--------+--------+--------+-----+--------+
         Total |  12104 |  11771 |    333 |   2479 |   5428 |  13 |  931.1 |
       Dungeon |  11810 |  11488 |    322 |   2358 |   5268 |  12 |  984.2 |
        Temple |    293 |    282 |     11 |    121 |    160 |   1 |  293.0 |
               +--------+--------+--------+--------+--------+-----+--------+

Top non-repeatable levels by time:
     D:7: 1652 daAuts
    D:10: 1324 daAuts
     D:6: 1285 daAuts
     D:8: 1194 daAuts
     D:4: 1184 daAuts
     D:2: 1126 daAuts
     D:5: 1024 daAuts
     D:1: 857 daAuts
    D:11: 682 daAuts
     D:9: 669 daAuts
     D:3: 638 daAuts
  Temple: 293 daAuts
    D:12: 171 daAuts
